 Dungeon Crawl Stone Soup version 0.32-a0-20-ge526923d97 (webtiles) character file.

Game seed: 12640884416146574244

104181 Sobieck the Bludgeoner (level 16, -6/185 HPs)
             Began as an Oni Berserker on Jan 17, 2024.
             Was the Champion of Trog.
             Mangled by a naga
             ... wielding a +0 battleaxe
              (11 damage)
             ... on level 1 of the Snake Pit.
             The game lasted 00:58:03 (25423 turns).

Sobieck the Bludgeoner (Oni Berserker)             Turns: 25423, Time: 00:58:03

Health: -6/185     AC: 15    Str: 40    XL:     16   Next: 38%
Magic:  16/16      EV:  6    Int:  8    God:    Trog [******]
Gold:   593        SH:  5    Dex:  8    Spells: 15/15 levels left

rFire   . . .        a - +8 giant club (flame) {god gift}
rCold   . . .        (shield currently unavailable)
rNeg    . . .        L - +0 acid dragon scales
rPois   .            G - +0 hat of Death's Door {Rampage Str+3}
rElec   .            e - +2 cloak
rCorr   +            (gloves unavailable)
SInv    .            (boots unavailable)
Will    +++..        h - amulet of reflection
Stlth   +            n - +4 ring of protection
HPRegen 1.50/turn    l - +6 ring of strength
MPRegen 0.15/turn

%: reflection, rampage
@: strong-willed, regenerating, slowed, constricted, very slow
A: large, unfitting armour, horns 1, tough skin 1, double potion healing,
drunken brawling
a: Renounce Religion, Berserk, Trog's Hand, Brothers in Arms


You were on level 1 of the Snake Pit.
You worshipped Trog.
Trog was exalted by your worship.
You visited 4 branches of the dungeon, and saw 23 of its levels.
You also visited: Sewer and Ice Cave.

You collected 1980 gold pieces.
You spent 1387 gold pieces at shops.

Inventory:

Hand Weapons
 a - a +8 giant club of flaming (weapon) {god gift}
 m - the +10 morningstar "Eos" {elec, Halo rElec}
   (You bought it in a shop on level 2 of the Orcish Mines)

   Halo:      It grants its wielder a halo, revealing invisible creatures and
   increasing accuracy against all within it other than the wielder.
   rElec:     It insulates you from electricity.
 q - a +7 antimagic great mace {god gift}
 K - a +6 giant spiked club of flaming {god gift}
Missiles
 j - 159 stones
 k - 61 poisoned darts
 t - 7 boomerangs
 v - 22 javelins
 w - 18 large rocks
 F - 5 curare-tipped darts
 Z - 3 throwing nets
Armour
 e - a +2 cloak (worn)
 G - the +0 hat of Death's Door (worn) {Rampage Str+3}
   (You acquired it in an ice cave)

   Str+3:     It affects your strength (+3).
   Rampage:   It bestows one free step when moving towards enemies.
 L - +0 acid dragon scales (worn)
 W - a +1 hat of willpower
Jewellery
 c - a ring of protection from cold
 g - a ring of resist corrosion
 h - an amulet of reflection (around neck)
 l - a +6 ring of strength (right hand)
 n - a +4 ring of protection (left hand)
 N - a ring of flight
Wands
 E - a wand of charming (13)
 O - a wand of quicksilver (6)
 P - a wand of polymorph (4)
 V - a wand of flame (12) (quivered)
Scrolls
 b - a scroll of blinking
 f - 8 scrolls of enchant armour
 o - 2 scrolls of noise
 p - 3 scrolls of silence {!r}
 u - 7 scrolls of vulnerability
 A - 3 scrolls of butterflies
 B - 4 scrolls of fear
 J - a scroll of fog
 M - 2 scrolls of poison
 R - 7 scrolls of identify
 T - 18 scrolls of teleportation
Potions
 d - 2 potions of enlightenment
 i - 2 potions of mutation
 s - 3 potions of lignification
 x - 5 potions of brilliance
 z - 2 potions of invisibility
 C - 2 potions of attraction
 D - 2 potions of might
 H - 5 potions of haste
 I - a potion of cancellation
 X - a potion of resistance
 Y - a potion of berserk rage
Miscellaneous
 U - a phial of floods


   Skills:
 + Level 18.0 Fighting
 + Level 18.1 Maces & Flails
 + Level 13.6 Throwing
 - Level 6.0 Armour
 - Level 3.0 Dodging
 - Level 9.0 Evocations


You had 15 spell levels left.
You didn't know any spells.
Your spell library was empty.

Dungeon Overview and Level Annotations

Branches:
Dungeon (15/15)            Temple (0/1) D:6            Lair (5/5) D:10
 Shoals (0/4) Lair:3        Snake (1/4) Lair:3        Slime (0/5) Lair:5
    Orc (2/2) D:11            Elf (0/3) Orc:2        Vaults (0/5) D:13
 Depths (0/4) D:15          Sewer (visited)           IceCv (visited)

Altars:
Ashenzari
Fedhas
Gozag
Makhleb
Trog
Uskayaw
Wu Jian
Yredelemnul
Jiyva

Shops:
D:5 *   D:7 !   D:10 (   Orc:2 :*[(=


Innate Abilities, Weirdness & Mutations

You are too large for most types of armour.
You have a pair of small horns on your head.
You have tough skin. (AC +1)
You gain doubled healing and magic from potions.
Whenever you drink a healing potion, you attack all around you.


Message History

* * * LOW HITPOINT WARNING * * *
You feel extremely sick.
* * * LOW HITPOINT WARNING * * *
You are more poisoned.
The naga ritualist's toxic aura wanes.
The naga mage spits poison at you. The splash of poison hits you!
You are more poisoned.
* * * LOW HITPOINT WARNING * * *
Your troll bites the naga ritualist.
Your troll claws the naga ritualist.
Your troll claws the naga ritualist but does no damage.
The naga mage hits you with a +0 long sword.
* * * LOW HITPOINT WARNING * * *
The naga mage barely misses you. The naga ritualist spits poison at you.
The splash of poison hits you but does no damage.
You are more poisoned.
You have difficulty breathing.
* * * LOW HITPOINT WARNING * * *
You feel as though you will be slow longer.
Your troll bites the naga ritualist!
Your troll claws the naga ritualist! x2
The naga mage hits you with a +0 long sword!
* * * LOW HITPOINT WARNING * * *
The naga mage misses you.
Unknown command.
You take a swig of the potion and twirl your +8 giant club of flaming {god gift}.
You hit the naga mage. You burn the naga mage.
You kill the naga mage!
Trog accepts your kill.
Trog appreciates your killing of a magic user.
You savour every drop.
You feel better.
Your troll bites the naga ritualist!
Your troll claws the naga ritualist but does no damage.
Your troll barely misses the naga ritualist.
The naga ritualist hits your troll with a +0 hand axe.
The naga ritualist closely misses your troll.
Your troll closely misses the naga ritualist. x2
Your troll claws the naga ritualist!
The naga ritualist hits your troll with a +0 hand axe!
The naga ritualist barely misses your troll.
You rampage towards the naga!
Your troll closely misses the naga ritualist.
Your troll claws the naga ritualist but does no damage.
Your troll claws the naga ritualist.
The naga hits you with a +0 battleaxe!!
* * * LOW HITPOINT WARNING * * *
The naga grabs you. The naga constricts you.
Your troll bites the naga ritualist!!
The naga ritualist dies!
Trog accepts your kill. The naga hits you with a +0 battleaxe!
You die...

#............
#...#.......
#.........#
#........)#
##.........##
##...........#
#......N.....#
#.......@....#
#......†....##
.......<)).).#
..................
..................
..................
..........>.......
#...........T)....
#.................


You could see a naga (catching breath) and a friendly troll (summoned, berserk,
very poisoned).

Vanquished Creatures
  Rupert (D:15)
  Gastronok (Lair:3)
  Roxanne (D:15)
  An orc warlord (Orc:2)
  Snorg (Orc:1)
  4 hydras
  Fannar (Orc:1)
  2 rakshasas (D:15)
  3 anacondas
  An ogre mage (D:13)
  Erica (Lair:1)
  3 centaur warriors
  5 two-headed ogres
  A catoblepas (Lair:5)
  A merfolk avatar (Lair:5)
  3 boulder beetles
  6 death yaks
  A tengu warrior (D:12)
  4 orc high priests
  Urug (D:10)
  Nergalle (Lair:3)
  Sonja (D:10)
  A skyshark (Lair:5)
  3 sea snakes
  A mana viper (shapeshifter) (D:15)
  10 orc knights
  A glowing orange brain (D:15)
  Pikel (D:4)
  A harpy (Lair:5)
  3 orc sorcerers (Orc:2)
  2 deep elf pyromancers
  A necromancer (Lair:2)
  2 oklob plants (Lair:3)
  4 cyclopes
  13 ugly things
  5 manticores
  15 elephants
  4 kobold blastminers
  Joseph (D:7)
  2 ice statues (IceCv)
  7 black mambas
  Maggie (D:7)
  2 naga magi (Snake:1)
  A water nymph (Lair:3)
  7 cane toads
  A torpor snail (Lair:1)
  3 kobold demonologists
  Jeremiah (D:6)
  A yaktaur (shapeshifter) (D:14)
  10 komodo dragons
  A freezing wraith (D:15)
  An anaconda simulacrum (IceCv)
  A rime drake (Lair:4)
  A yaktaur (D:15)
  9 trolls
  An ice devil (IceCv)
  A wind drake (Lair:5)
  5 polar bears
  16 blink frogs
  2 hornets
  4 dream sheep (Lair:3)
  14 slime creatures
  A wraith (D:9)
  A centaur simulacrum (D:15)
  5 wyverns
  A shadow (D:11)
  2 vampires
  A dire elephant simulacrum (IceCv)
  56 yaks
  A human (D:11)
  7 basilisks
  6 wargs
  8 vampire mosquitoes
  A steam dragon (Lair:5)
  A death yak simulacrum (IceCv)
  3 harpy simulacra (IceCv)
  6 nagas
  A water moccasin (shapeshifter) (D:14)
  An acid dragon (D:12)
  15 water moccasins
  Pargi (Sewer)
  An ice beast (D:5)
  38 orc warriors
  A sky beast (D:7)
  An ogre (shapeshifter) (D:15)
  6 ogres
  8 wolves
  8 centaurs
  8 kobold brigands
  16 bullfrogs
  2 brain worms (Sewer)
  2 scorpions
  4 gnoll sergeants
  A cane toad simulacrum (IceCv)
  A hornet simulacrum (D:13)
  4 killer bees (D:10)
  2 vampire bats (Lair:5)
  2 electric eels
  A howler monkey (D:4)
  9 jellies
  2 hounds
  29 orc priests
  2 bombardier beetles
  A gnoll bouda (D:7)
  5 hell rats (Lair:4)
  3 iguanas
  39 orc wizards
  2 yak simulacra (Lair:2)
  5 polar bear simulacra
  5 wolf simulacra (Lair:2)
  Robin (D:4)
  21 gnolls
  8 adders
  A river rat (Lair:2)
  A naga simulacrum (IceCv)
  3 ufetubi
  5 dart slugs
  2 ribbon worms
  87 orcs
  10 endoplasms
  3 giant cockroaches
  14 goblins
  12 hobgoblins
  8 jackals
  4 quokkas
  13 ball pythons
  12 bats
  7 frilled lizards
  33 kobolds
  11 rats
786 creatures vanquished.

Vanquished Creatures (collateral kills)
  An orc high priest (Orc:2)
  A naga ritualist (Snake:1)
  A black mamba (Lair:3)
  A blink frog (Lair:3)
  3 orc warriors (Orc:2)
  An orc wizard (Orc:2)
  3 orcs (Orc:2)
11 creatures vanquished.

Vanquished Creatures (others)
  An orc wizard (Orc:2)
1 creature vanquished.

Grand Total: 798 creatures vanquished

Notes
Turn   | Place    | Note
-------+----------+-------------------------------------------
     0 | D:1      | Sobieck the Oni Berserker began the quest for the Orb.
     0 | D:1      | Reached XP level 1. HP: 24/24 MP: 1/1
   129 | D:1      | Reached XP level 2. HP: 33/33 MP: 2/2
   484 | D:1      | Reached XP level 3. HP: 41/41 MP: 3/3
   604 | D:1      | Reached ** piety under Trog
  1093 | D:2      | Reached XP level 4. HP: 50/50 MP: 4/4
  1210 | D:2      | Identified the +2 dagger "Hockuq" {vamp, Will+}
  1447 | D:2      | Reached *** piety under Trog
  1820 | D:3      | Reached XP level 5. HP: 56/59 MP: 5/5
  1917 | D:3      | Reached skill level 6 in Fighting
  2001 | D:3      | Identified the +6 falchion "Zyipeurph" {holy, rPois}
  2208 | D:3      | Found a faded altar of an unknown god.
  2657 | D:4      | Noticed Pikel
  2657 | D:4      | Noticed a lemure
  2657 | D:4      | Noticed a lemure
  2657 | D:4      | Noticed a lemure
  2677 | D:4      | Killed Pikel
  2678 | D:4      | Reached skill level 6 in Maces & Flails
  2678 | D:4      | Reached XP level 6. HP: 74/74 MP: 6/6
  2678 | D:4      | Reached XP level 7. HP: 81/81 MP: 7/7
  2875 | D:3      | Reached skill level 9 in Fighting
  2878 | D:4      | Noticed Robin
  2906 | D:3      | Reached XP level 8. HP: 92/92 MP: 8/8
  2959 | D:4      | Killed Robin
  3064 | D:4      | Reached **** piety under Trog
  3130 | D:4      | Found a broken altar of Ashenzari.
  3689 | D:5      | Entered Level 5 of the Dungeon
  3737 | D:5      | Found an ornate altar of the Wu Jian Council.
  3887 | D:5      | Found Hammoch's General Store.
  3972 | D:5      | Found a glowing drain.
  3981 | Sewer    | Entered a sewer
  4031 | Sewer    | Noticed Pargi
  4040 | Sewer    | Killed Pargi
  4215 | D:5      | Reached skill level 9 in Maces & Flails
  4304 | D:5      | Reached XP level 9. HP: 101/101 MP: 9/9
  4406 | D:5      | Found a basalt altar of Yredelemnul.
  4783 | D:6      | Found a staircase to the Ecumenical Temple.
  4876 | D:6      | Found a bloodstained altar of Trog.
  5494 | D:6      | Noticed Jeremiah
  5521 | D:6      | Killed Jeremiah
  5522 | D:6      | Reached skill level 1 in Throwing
  5522 | D:6      | Reached skill level 1 in Evocations
  5660 | D:7      | Noticed Maggie
  5667 | D:7      | Killed Maggie
  5688 | D:7      | Found an opulent altar of Gozag.
  5688 | D:7      | Found a burning altar of Makhleb.
  5730 | D:7      | Noticed Joseph
  5750 | D:7      | Killed Joseph
  5751 | D:7      | Reached skill level 1 in Armour
  5781 | D:7      | Reached skill level 3 in Throwing
  5788 | D:7      | Reached XP level 10. HP: 110/111 MP: 10/10
  5788 | D:7      | Reached ***** piety under Trog
  6112 | D:7      | Found Siub's Distillery.
  6121 | D:7      | Bought a potion of curing for 48 gold pieces
  6121 | D:7      | Bought a potion of haste for 160 gold pieces
  6121 | D:7      | Bought a potion of degeneration for 16 gold pieces
  6329 | D:8      | Reached skill level 3 in Evocations
  6360 | D:8      | Reached skill level 3 in Armour
  7414 | D:10     | Entered Level 10 of the Dungeon
  7518 | D:10     | Noticed Urug
  7525 | D:10     | Killed Urug
  7526 | D:10     | Reached skill level 12 in Fighting
  7526 | D:10     | Reached XP level 11. HP: 123/123 MP: 11/11
  7783 | D:10     | Found a staircase to the Lair.
  7817 | D:10     | Found Biebbe Ustru's Antique Weapon Emporium.
  8506 | D:11     | Found a staircase to the Orcish Mines.
  8966 | D:11     | Identified the +6 quarterstaff of the Sybil {flame, rElec
                  | Will+ Dex+2 SInv}
  9272 | D:11     | Reached skill level 6 in Throwing
  9415 | D:12     | Noticed a manticore
  9421 | D:12     | Killed a manticore
  9490 | D:12     | Noticed a boulder beetle
  9506 | D:12     | Received a gift from Trog
  9517 | D:12     | Killed a boulder beetle
  9598 | D:12     | Noticed a two-headed ogre
  9607 | D:12     | Killed a two-headed ogre
  9608 | D:12     | Reached skill level 12 in Maces & Flails
  9662 | D:12     | Noticed a boulder beetle
  9670 | D:12     | Killed a boulder beetle
  9671 | D:12     | Reached XP level 12. HP: 103/136 MP: 12/12
 10131 | D:12     | Reached skill level 6 in Armour
 10222 | D:13     | Noticed a tengu warrior
 10251 | D:12     | Killed a tengu warrior
 10270 | D:12     | Noticed a two-headed ogre
 10274 | D:12     | Killed a two-headed ogre
 10275 | D:12     | Reached skill level 6 in Evocations
 10319 | D:13     | Noticed a centaur warrior
 10333 | D:13     | Killed a centaur warrior
 10336 | D:13     | Found a hide-covered altar of Uskayaw.
 10651 | D:13     | Noticed a two-headed ogre
 10665 | D:13     | Killed a two-headed ogre
 10668 | D:13     | Noticed a two-headed ogre
 10675 | D:13     | Killed a two-headed ogre
 10718 | D:13     | Noticed an ogre mage
 10773 | Lair:1   | Entered Level 1 of the Lair of Beasts
 10776 | Lair:1   | Noticed Sonja
 11426 | Lair:1   | Noticed Erica
 11455 | Lair:1   | Killed Erica
 11738 | Lair:1   | Noticed a death yak
 11749 | Lair:1   | Reached XP level 13. HP: 146/146 MP: 13/13
 11939 | Lair:1   | Reached skill level 9 in Throwing
 12245 | Lair:2   | Received a gift from Trog
 13332 | Lair:3   | Noticed Gastronok
 13353 | Lair:3   | Killed Gastronok
 14016 | Lair:3   | Found a staircase to the Snake Pit.
 14165 | Lair:3   | Noticed Nergalle
 14176 | Lair:3   | Killed Nergalle
 14530 | Lair:3   | Found a blossoming altar of Fedhas.
 15044 | Lair:4   | Received a gift from Trog
 15059 | Lair:4   | Reached XP level 14. HP: 144/157 MP: 14/14
 15083 | Lair:4   | Reached skill level 15 in Fighting
 15755 | Lair:5   | Entered Level 5 of the Lair of Beasts
 16725 | Lair:5   | Found a viscous altar of Jiyva.
 16764 | Lair:5   | Found a staircase to the Slime Pits.
 16864 | Lair:5   | Reached skill level 15 in Maces & Flails
 16883 | Lair:5   | Paralysed by a hornet for 1 turns
 17310 | Lair:5   | Reached ****** piety under Trog
 17357 | Lair:5   | Received a gift from Trog
 17727 | Lair:5   | Reached skill level 9 in Evocations
 17735 | Lair:5   | Reached skill level 12 in Throwing
 18003 | Lair:5   | Found the +8 demon blade "Leech" {evervamp, Harm ^Drain
                  | rN+}
 18201 | D:10     | Killed Sonja
 18324 | Orc:1    | Entered Level 1 of the Orcish Mines
 18371 | Orc:1    | Reached XP level 15. HP: 125/163 MP: 15/15
 18750 | Orc:1    | Noticed Fannar
 18759 | Orc:1    | Killed Fannar
 18759 | Orc:1    | Received a gift from Trog
 18956 | Orc:1    | Noticed Snorg
 18960 | Orc:1    | Killed Snorg
 19282 | Orc:2    | Entered Level 2 of the Orcish Mines
 19470 | Orc:2    | Found Osev's Book Shop.
 19471 | Orc:2    | Found Ische's General Store.
 19471 | Orc:2    | Found Kuikof's Antique Armour Boutique.
 19503 | Orc:2    | Found a frozen archway.
 19513 | Orc:2    | Reached skill level 3 in Dodging
 19580 | Orc:2    | Received a gift from Trog
 19686 | Orc:2    | Found Xexer's Jewellery Shoppe.
 19706 | Orc:2    | Noticed an orc warlord
 19717 | Orc:2    | Killed an orc warlord
 19850 | IceCv    | Entered an ice cave
 20243 | IceCv    | Identified a scroll of acquirement
 20464 | IceCv    | Acquired the +0 hat of Death's Door {Rampage Str+3}
 21126 | Orc:2    | Found a staircase to the Elven Halls.
 21351 | Orc:2    | Found Lusofara's Antique Weapon Boutique.
 21658 | Orc:2    | Bought a ring of protection from cold for 275 gold pieces
 21705 | Orc:2    | Bought the +10 morningstar "Eos" {elec, Halo rElec} for 888
                  | gold pieces
 21705 | Orc:2    | Found the +10 morningstar "Eos" {elec, Halo rElec}
 21886 | D:13     | Found a gate to the Vaults.
 21912 | D:13     | Received a gift from Trog
 23553 | D:15     | Entered Level 15 of the Dungeon
 23564 | D:15     | Reached XP level 16. HP: 97/183 MP: 16/16
 23974 | D:15     | Noticed Roxanne
 24017 | D:15     | Killed Roxanne
 24321 | D:15     | Noticed Rupert
 24339 | D:15     | Killed Rupert
 24857 | D:15     | Reached skill level 18 in Maces & Flails
 24909 | D:15     | Found a staircase to the Depths.
 25268 | Snake:1  | Entered Level 1 of the Snake Pit
 25411 | Snake:1  | Reached skill level 18 in Fighting
 25414 | Snake:1  | Received a gift from Trog
 25420 | Snake:1  | HP: 2/185 [naga/splash of poison (9)]
 25423 | Snake:1  | Mangled by a naga

Illustrated notes

Levels and vault maps discovered:
D:1:      giann_forest_graveyard, layout_basic
D:2:      minmay_evil_eye, layout_loops_ring, serial_glass, glass_columns_a,
          glass_columns_b, nicolae_twisty_statue_hallways
D:3:      layout_loops_ring, hellmonk_ecumenical_altar_zigzags
D:4:      layout_basic, cheibrodos_ashenzari_chains, uniq_robin, uniq_pikel
D:5:      layout_basic, mainiacjoe_overflow_cross_hatched,
          mainiacjoe_overflow_24_doors, portal_sewer_entry_d, serial_shops,
          kennysheep_mini, grunt_decor_arrowhead
D:6:      layout_basic, mainiacjoe_overflow_paths, minmay_temple_entry_waves,
          uniq_jeremiah
D:7:      layout_rooms, gammafunk_temple_overflow_statue, serial_shops, shop,
          serial_park_tiny_pond, uniq_maggie, uniq_joseph
D:8:      layout_loops_ring
D:9:      layout_rooms, glass_columns_a
D:10:     nicolae_cairo_tiling_large, layout_basic, serial_shops, shop,
          uniq_urug
D:11:     layout_stronghold, erik_orc_4, gauntlet_entry_generic
D:12:     layout_roguey
D:13:     layout_long_grid, david_vaults_2,
          nicolae_uskayaw_murder_on_the_dancefloor
D:14:     layout_rooms, serial_library_hellmonk_junction,
          hangedman_decor_diamond_cutter
D:15:     gammafunk_enter_depths_forms, layout_loops_ring, uniq_roxanne,
          uniq_rupert
Lair:1:   layout_cave_pods, serial_bayou_shore_b, serial_bayou_shore_a,
          uniq_sonja, uniq_erica
Lair:2:   layout_cave_pods, eino_house_with_fridge, lemuel_fruit_tree,
          grunt_megastairs_2
Lair:3:   layout_small_grid, nicolae_shoals_entry_flooding,
          minmay_snake_entry_guardpost_medium, st_stairs_4,
          hangedman_tree_tricks, serial_bayou_shore_b, grunt_megastairs_4,
          uniq_nergalle, uniq_gastronok
Lair:4:   layout_gridlike, beast_lair_carwin_6, grunt_megastairs_5
Lair:5:   gammafunk_lair_ancient_temple, layout_gridlike,
          nicolae_slime_entry_field_trip, roderic_batcave
Snake:1:  layout_grid_shapes, uniq_agnes
Orc:1:    layout_caves, special_room [special_room_orc], guppyfry_library_mini,
          uniq_fannar, uniq_snorg
Orc:2:    st_orc_congregation, layout_caves, serial_shops,
          nicolae_shop_just_a_little_nook, portal_ice_cave_entry_pillars_2,
          sword_in_stone

Skill      XL: |  1  2  3  4  5  6  7  8  9 10 11 12 13 14 15 16 |
---------------+-------------------------------------------------+-----
Fighting       | 5 8 9 10 12 13 14 16 17 18 | 18.0
Maces & Flails | 4 6 9 10 11 12 13 14 15 17 18 | 18.1
Throwing       | 3 5 6 8 10 12 13 | 13.6
Evocations     | 2 4 5 7 9 |  9.0
Armour         | 1 4 5 6 |  6.0
Dodging        | 3 |  3.0

Action                     |  1- 3 |  4- 6 |  7- 9 | 10-12 | 13-15 | 16-18 || total
---------------------------+-------+-------+-------+-------+-------+-------++-------
  Melee: Mace              |    83 |   143 |       |       |       |       ||   226
         Headbutt          |     6 |    17 |    41 |    88 |   163 |    19 ||   334
         Flail             |       |    19 |    11 |       |       |       ||    30
         Giant club        |       |       |   241 |   451 |   947 |    88 ||  1727
         Giant spiked club |       |       |       |    46 |       |       ||    46
         Morningstar       |       |       |       |       |     3 |       ||     3
  Throw: Dart              |       |       |     5 |    13 |       |       ||    18
         Large rock        |       |       |       |     4 |       |       ||     4
         Javelin           |       |       |       |       |       |     1 ||     1
 Invoke: Berserk           |       |     1 |     4 |     5 |     6 |     1 ||    17
         Trog's Hand       |       |       |     1 |       |     2 |     1 ||     4
         Brothers in Arms  |       |       |       |       |     2 |     1 ||     3
  Evoke: Wand              |       |       |       |     9 |       |       ||     9
    Use: Scroll            |       |     4 |    13 |     9 |     7 |     3 ||    36
         Potion            |       |       |       |     1 |     3 |     3 ||     7
 Armour: Animal skin       |    60 |   101 |   177 |       |       |       ||   338
         Steam dragon scal |       |       |    37 |   349 |       |       ||   386
         Acid dragon scale |       |       |       |   188 |   831 |    61 ||  1080
  Dodge: Dodged            |    45 |    71 |   144 |   255 |   331 |    25 ||   871
  Block: Other             |       |       |       |       |    96 |    10 ||   106
         Reflection        |       |       |       |       |     6 |     1 ||     7

Table legend: (Time is in decaauts)
 A = Elapsed time spent in this place.
 B = Non-inter-level travel time spent in this place.
 C = Inter-level travel time spent in this place.
 D = Time resting spent in this place.
 E = Time spent auto-exploring this place.
 F = Levels seen in this place.
 G = Mean time per level.
                   A        B        C        D        E       F      G
               +--------+--------+--------+--------+--------+-----+--------+
         Total |  25676 |  24399 |   1277 |   4919 |  13991 |  25 | 1027.0 |
       Dungeon |  14332 |  13644 |    688 |   1987 |   8769 |  15 |  955.5 |
          Lair |   7733 |   7410 |    323 |   1676 |   4246 |   5 | 1546.6 |
     Snake Pit |     23 |     23 |      0 |      0 |      0 |   1 |   23.0 |
  Orcish Mines |   2432 |   2168 |    264 |    450 |    937 |   2 | 1216.0 |
         Sewer |    184 |    184 |      0 |      0 |     39 |   1 |  184.0 |
      Ice Cave |    970 |    970 |      0 |    805 |      0 |   1 |  970.0 |
               +--------+--------+--------+--------+--------+-----+--------+

Top non-repeatable levels by time:
  Lair:3: 1733 daAuts
  Lair:5: 1673 daAuts
  Lair:4: 1640 daAuts
  Lair:1: 1604 daAuts
   Orc:2: 1473 daAuts
    D:11: 1382 daAuts
    D:15: 1318 daAuts
     D:4: 1135 daAuts
    D:13: 1115 daAuts
    D:14: 1103 daAuts
  Lair:2: 1081 daAuts
    D:10: 1036 daAuts
    D:12: 990 daAuts
   IceCv: 970 daAuts
     D:1: 964 daAuts
